 Dungeon Crawl Stone Soup version 0.32-a0-42-ga30500b4d3 (webtiles) character file.

Game seed: 6111395788168534329

9839 IdlyInterested the Cutter (level 11, -7/81 HPs)
             Began as a Demonspawn Fighter on Jan 23, 2024.
             Killed from afar by a gargoyle (16 damage)
             ... with a stone arrow
             ... summoned by an orange crystal statue
             ... on level 11 of the Dungeon on Jan 26, 2024.
             The game lasted 00:44:00 (10493 turns).

IdlyInterested the Cutter (Demonspawn Fighter)     Turns: 10493, Time: 00:44:01

Health: -7/81      AC: 14    Str: 20    XL:     11   Next: 28%
Magic:  0/20       EV: 22    Int: 10    God:
Gold:   596        SH:  0    Dex: 14    Spells: 21/22 levels left

rFire   . . .        R - +6 long sword of Yddan {venom, rElec Str+2}
rCold   + . .        c - +0 buckler
rNeg    + + .        Y - +2 leather armour "Laupenier" {rN++}
rPois   .            (helmet restricted)
rElec   +            f - +0 cloak
rCorr   .            Z - +0 pair of gloves
SInv    .            D - +0 pair of boots
Will    .....        U - amulet of guardian spirit
Stlth   +            P - +5 ring of evasion
HPRegen 0.33/turn    w - +5 ring of evasion
MPRegen 0.17/turn

%: guardian spirit
@: confused, sanguine armoured, on berserk cooldown, slowed, very slow
A: horns 2, spiny 1, sanguine armour 1, demonic magic 2, cold resistance 1,
inability to read after injury 1
a: no special abilities


You were on level 11 of the Dungeon.
You visited 2 branches of the dungeon, and saw 12 of its levels.
You also visited: Sewer and Ossuary.

You collected 767 gold pieces.
You spent 171 gold pieces at shops.

Inventory:

Hand Weapons
 i - a +4 vampiric short sword
 x - a +4 short sword
 F - a +0 scimitar of flaming
 M - a +0 rapier
 O - a +2 short sword of speed
 R - the +6 long sword of Yddan (weapon) {venom, rElec Str+2}
   (You found it on level 7 of the Dungeon)

   Str+2:     It affects your strength (+2).
   rElec:     It insulates you from electricity.
Missiles
 d - a curare-tipped dart
 h - 65 stones (quivered)
 B - 19 poisoned darts
 X - 5 boomerangs
Armour
 c - a +0 buckler (worn)
 f - a +0 cloak (worn)
 D - a +0 pair of boots (worn)
 Y - the +2 leather armour "Laupenier" (worn) {rN++}
   (You found it on level 7 of the Dungeon)

   rN++:      It greatly protects you from negative energy.
 Z - a +0 pair of gloves (worn)
Jewellery
 j - a +6 ring of intelligence
 k - a ring of magical power
 m - a ring of flight
 q - a ring of magical power
 w - a +5 ring of evasion (right hand)
 E - a ring of protection from cold
 P - a +5 ring of evasion (left hand)
 U - an amulet of guardian spirit (around neck)
 W - a ring of protection from fire
Talismans
 H - a maw talisman
Wands
 b - a wand of roots (13)
 v - a wand of mindburst (27)
 K - a wand of acid (2)
 V - a wand of digging (8)
Scrolls
 a - 2 scrolls of immolation
 g - 3 scrolls of fog
 n - 4 scrolls of blinking
 p - 11 scrolls of teleportation
 t - 2 scrolls of butterflies
 y - a scroll of enchant armour
 J - a scroll of brand weapon
 N - a scroll of revelation
 Q - a scroll of fear
 S - 2 scrolls of amnesia
 T - 2 scrolls of enchant weapon
Potions
 e - a potion of attraction
 l - 6 potions of haste
 o - a potion of lignification
 r - 3 potions of curing
 u - a potion of resistance
 z - 2 potions of heal wounds
 A - 4 potions of invisibility
 C - a potion of ambrosia
 G - a potion of mutation
 I - a potion of brilliance
 L - a potion of enlightenment


   Skills:
 - Level 6.0 Fighting
 * Level 7.0 Short Blades
 - Level 2.0 Maces & Flails
 - Level 6.0 Throwing
 - Level 3.0 Armour
 - Level 3.0 Dodging
 - Level 6.0 Stealth
 + Level 5.2 Shields
 - Level 6.0 Spellcasting
 - Level 3.0 Translocations
 - Level 6.0 Evocations
 - Level 3.0 Shapeshifting


You had 21 spell levels left.
You knew the following spells:

 Your Spells              Type           Power      Damage    Failure   Level
a - Apportation           Tloc           18%        N/A       9%          1

Your spell library contained the following spells:

 Spells                   Type           Power      Damage    Failure   Level
 Sting                    Conj/Alch      12%        1d3       28%         1
 Mercury Vapours          Alch/Air       6%         N/A       41%         2
 Volatile Blastmotes      Fire/Tloc      12%        2d11      43%         3
 Dazzling Flash           Conj/Hex       6%         N/A       65%         3
 Vampiric Draining        Necr           3%         2d6       65%         3
 Iskenderun's Mystic Bla  Conj/Tloc      6%         2d4       83%         4
 Vhi's Electric Charge    Tloc/Air       12%        N/A       83%         4
 Brom's Barrelling Bould  Conj/Erth      3%         2d3       96%         4
 Fulminant Prism          Conj/Alch      1%         3d5       96%         4
 Olgreb's Toxic Radiance  Alch           3%         N/A       96%         4
 Curse of Agony           Necr           3%         N/A       100%        5
 Fireball                 Conj/Fire      1%         3d3       100%        5
 Iskenderun's Battlesphe  Conj           3%         2d6       100%        5
 Conjure Ball Lightning   Conj/Air       1%         3x3d6     100%        6
 Starburst                Conj/Fire      1%         6d3       100%        6
 Orb of Destruction       Conj           1%         9d5       100%        7
 Borgnjor's Revivificati  Necr           1%         N/A       100%        8
 Disjunction              Tloc           4%         N/A       100%        8
 Maxwell's Capacitive Co  Air            1%         ∞         100%        8


Dungeon Overview and Level Annotations

Branches:
Dungeon (11/15)            Temple (1/1) D:6            Lair (0/5) D:10
  Sewer (visited)         Ossuary (visited)
    Orc: D:9-12

Altars:
Ashenzari
Cheibriados
Dithmenos
Fedhas
Gozag
Hepliaklqana
Kikubaaqudgha
Makhleb
Nemelex Xobeh
Okawaru
Qazlal
Ru
Sif Muna
Trog
Uskayaw
Vehumet
Wu Jian
Xom
Yredelemnul
Lugonu

Shops:
D:1 (   D:5 *=   D:8 [!:

Annotations:
D:11 3 runed translucent doors, exclusion: orange crystal statue


Innate Abilities, Weirdness & Mutations

You have a pair of horns on your head.
You are partially covered in sharp spines.
When seriously injured, your blood forms armour. (AC +6)
Spells you cast may paralyse nearby enemies.
Your flesh is cold resistant. (rC+)
You occasionally lose the ability to read scrolls when taking damage.


Message History

The vampire mosquito closely misses you.
The orange crystal statue fixes its piercing gaze on you.
You feel your power leaking away.
You hit the orange crystal statue.
The orange crystal statue is almost destroyed.
The vampire mosquito closely misses you.
The vampire mosquito is struck by your spines.
The vampire mosquito closely misses you.
The vampire mosquito is struck by your spines.
The vampire mosquito completely misses you.
You block the vampire mosquito's attack. x2
The cyan ugly thing misses you.
The orange crystal statue glitters topaz in the dim dungeon light.
The vampire mosquito is struck by your spines.
You destroy the vampire mosquito!
The vampire mosquito's corpse dissolves into shadows!
The vampire mosquito bites you!
The vampire mosquito draws strength from your injuries!
The cyan ugly thing is struck by your spines.
The cyan ugly thing engulfs you!
* * * LOW HITPOINT WARNING * * *
The cyan ugly thing shocks you. You resist.
* * * LOW HITPOINT WARNING * * *
You completely miss the orange crystal statue.
You headbutt the orange crystal statue, but do no damage.
The orange crystal statue is almost destroyed.
The vampire mosquito completely misses you.
The orange crystal statue fixes its piercing gaze on you.
You block the vampire mosquito's attack.
The gargoyle hits you with a +0 mace.
* * * LOW HITPOINT WARNING * * *
The cyan ugly thing closely misses you.
The orange crystal statue glitters.
You are confused.
The vampire mosquito is struck by your spines.
You destroy the vampire mosquito!
The vampire mosquito's corpse dissolves into shadows!
The gargoyle hurls a stone arrow at you.
The stone arrow hits you!
You die...

~~## #............<.....#.#
~###
##............###.###.#
##~## #......#+#...####.#
#.#
#~~~#####....###.###...##.#
#.# ~~~~~#~~...###....
###.##.###.#
~~~~~~~~...#...#+#.
#..#.....#
.~~~~~~...##.###.###
##.#######
.#~~~~~...#..#.....#. #..#
..~~~~~..##.##..@..##.##.#
##~~~~~..'[.'..98u..+..+.#
....~~~~.##.##..?.?##.##.#
....~~~~..#..#.....#. #..#
....#~~~~.##.###.### ##..#
....##~~#..#...#+#. #...#
....###..#.###.... ###...#
....# ##.#...###.###....##
....# #.###...#+#...##.#


You could see an orange crystal statue, a cyan ugly thing (summoned) and a
gargoyle (summoned).

Vanquished Creatures
  Erica (D:11)
  Pikel (D:5)
  Jeremiah (D:7)
  A troll (D:10)
  Prince Ribbit (D:9)
  A hornet (D:10)
  Grinder (D:3)
  A wyvern (D:11)
  10 yaks
  Sigmund (D:5)
  4 water elementals (D:11)
  A wraith (D:10)
  A basilisk (D:11)
  A steam dragon (D:7)
  Menkaure (D:4)
  An acid dragon (D:10)
  4 water moccasins
  A sky beast (D:8)
  3 black bears (D:10)
  A crocodile (Sewer)
  3 ogres (D:5)
  3 centaurs
  A lemure (D:5)
  3 phantoms
  5 kobold brigands
  3 elf zombies (Ossuary)
  A gnoll sergeant (D:6)
  3 scorpions
  9 wights
  5 killer bees (D:11)
  5 howler monkeys
  2 bombardier beetles (D:3)
  2 electric eels (D:11)
  2 centaur zombies (Ossuary)
  7 orc priests
  5 hounds
  A jelly (D:6)
  2 sleepcaps (D:6)
  3 iguanas
  Jessica (D:2)
  A gnoll bouda (D:6)
  8 orc wizards
  5 hound zombies (Ossuary)
  2 mummies (Ossuary)
  8 gnolls (D:6)
  15 adders
  3 river rats (D:4)
  A shadow imp (D:8)
  3 white imps
  2 ufetubi (D:6)
  7 adder zombies (Ossuary)
  A dart slug (D:2)
  6 ribbon worms
  18 orcs
  4 endoplasms
  4 giant cockroaches
  6 gnoll zombies (Ossuary)
  9 goblins
  11 hobgoblins
  4 jackals (D:1)
  A quokka (D:2)
  4 ball pythons
  10 bats
  A frilled lizard (D:1)
  5 jackal zombies (Ossuary)
  23 kobolds
  9 orc zombies (Ossuary)
  12 rats
286 creatures vanquished.

Vanquished Creatures (others)
  An orc (D:11)
1 creature vanquished.

Grand Total: 287 creatures vanquished

Notes
Turn   | Place    | Note
-------+----------+-------------------------------------------
     0 | D:1      | IdlyInterested the Demonspawn Fighter began the quest for
                  | the Orb.
     0 | D:1      | Reached XP level 1. HP: 18/18 MP: 1/1
   106 | D:1      | Gained mutation: You are partially covered in sharp spines.
                  | [demonic ancestry]
   106 | D:1      | Reached XP level 2. HP: 23/24 MP: 2/2
   757 | D:2      | Noticed Jessica
   764 | D:2      | Killed Jessica
   765 | D:2      | Gained mutation: Spells you cast may paralyse adjacent
                  | enemies. [demonic ancestry]
   765 | D:2      | Reached XP level 3. HP: 25/30 MP: 3/3
  1096 | D:2      | Reached XP level 4. HP: 27/38 MP: 4/4
  1193 | D:2      | Found a faded altar of an unknown god.
  1433 | D:3      | Got the Vellum of the Poisonous Dead
  1461 | D:3      | Reached skill level 5 in Fighting
  1558 | D:3      | Noticed Grinder
  1561 | D:3      | Paralysed by Grinder for 4 turns
  1580 | D:3      | Killed Grinder
  1581 | D:3      | Reached skill level 1 in Dodging
  1581 | D:3      | Gained mutation: Spells you cast may paralyse nearby
                  | enemies. [demonic ancestry]
  1581 | D:3      | Reached XP level 5. HP: 8/46 MP: 5/5
  1581 | D:3      | Gained mutation: When seriously injured, your blood forms
                  | armour. (AC +6) [demonic ancestry]
  1581 | D:3      | Reached XP level 6. HP: 10/52 MP: 6/6
  1929 | D:3      | Found an ornate altar of the Wu Jian Council.
  1983 | D:3      | Found a shimmering altar of Xom.
  2501 | D:4      | Reached skill level 1 in Stealth
  2548 | D:4      | Noticed Menkaure
  2556 | D:4      | Killed Menkaure
  2557 | D:4      | Reached skill level 1 in Short Blades
  2557 | D:4      | Reached XP level 7. HP: 27/58 MP: 7/7
  2653 | D:4      | Reached skill level 5 in Evocations
  2690 | D:4      | Found a glowing drain.
  2695 | Sewer    | Entered a sewer
  3001 | Sewer    | Reached skill level 1 in Shapeshifting
  3164 | Sewer    | Reached skill level 1 in Spellcasting
  3411 | D:1      | Bought 2 poisoned darts for 15 gold pieces
  3663 | D:4      | Found a broken altar of Ashenzari.
  3699 | D:4      | Reached XP level 8. HP: 64/64 MP: 9/9
  3926 | D:5      | Entered Level 5 of the Dungeon
  3936 | D:5      | Noticed Sigmund
  3941 | D:5      | Noticed Pikel
  3952 | D:5      | Killed Sigmund
  3953 | D:5      | Reached skill level 2 in Short Blades
  3958 | D:5      | Killed Pikel
  3959 | D:5      | Reached skill level 5 in Stealth
  4152 | D:5      | Reached skill level 1 in Throwing
  4272 | D:5      | Gained mutation: You have a pair of small horns on your
                  | head. [demonic ancestry]
  4272 | D:5      | Reached XP level 9. HP: 66/69 MP: 12/12
  4413 | D:5      | Found a hide-covered altar of Uskayaw.
  4523 | D:5      | Found Xyiroil's Assorted Antiques.
  4542 | D:5      | Bought a fuming emerald potion for 24 gold pieces
  4542 | D:5      | Bought a pink potion for 24 gold pieces
  4612 | D:5      | Found Ydepi's Jewellery Shop.
  4844 | D:5      | Bought an ivory wand for 108 gold pieces
  5692 | D:6      | Found a staircase to the Ecumenical Temple.
  5713 | Temple   | Entered the Ecumenical Temple
  5772 | D:7      | Found a sand-covered staircase.
  5777 | Ossuary  | Entered an ossuary
  5828 | Ossuary  | Reached skill level 5 in Throwing
  5837 | Ossuary  | Reached skill level 3 in Short Blades
  6071 | D:7      | Gained mutation: Your flesh is cold resistant. (rC+)
                  | [potion of mutation]
  6071 | D:7      | Gained mutation: You occasionally lose the ability to read
                  | scrolls when taking damage. [potion of mutation]
  6102 | D:7      | Identified the +6 long sword of Yddan {venom, rElec Str+2}
  6130 | D:7      | Found a basalt altar of Yredelemnul.
  6168 | D:7      | Noticed Jeremiah
  6177 | D:7      | Killed Jeremiah
  6280 | D:7      | Found a shadowy altar of Dithmenos.
  6399 | D:7      | Upgraded the game from 0.32-a0-38-gb04dd89b9b to
                  | 0.32-a0-42-ga30500b4d3
  6644 | D:7      | Reached XP level 10. HP: 75/76 MP: 15/15
  6657 | D:7      | Identified the +2 leather armour "Laupenier" {rN++}
  6726 | D:7      | Found an opulent altar of Gozag.
  7074 | D:8      | Got the Omnibus of Rotting Locality
  7084 | D:8      | Found a sparkling altar of Nemelex Xobeh.
  7088 | D:8      | Found a radiant altar of Vehumet.
  7092 | D:8      | Learned a level 1 spell: Apportation
  7092 | D:8      | Found a bloodstained altar of Trog.
  7092 | D:8      | Found a snail-covered altar of Cheibriados.
  7195 | D:8      | Found a sacrificial altar of Ru.
  7242 | D:8      | Found Zesk's Book Emporium.
  7315 | D:8      | Found Dicolall's Armour Shoppe.
  7342 | D:8      | Found Egulales's Distillery.
  7714 | D:8      | Reached skill level 1 in Translocations
  7957 | D:9      | Found a burning altar of Makhleb.
  8025 | D:9      | Noticed Prince Ribbit
  8033 | D:9      | Killed Prince Ribbit
  8034 | D:9      | Reached skill level 5 in Spellcasting
  8825 | D:10     | Entered Level 10 of the Dungeon
  9072 | D:10     | Reached skill level 4 in Short Blades
  9276 | D:10     | Reached skill level 5 in Short Blades
  9286 | D:10     | Found a staircase to the Lair.
  9515 | D:11     | Noticed Erica
  9522 | D:11     | Killed Erica
  9523 | D:11     | Gained mutation: You have a pair of horns on your head.
                  | [demonic ancestry]
  9523 | D:11     | Reached XP level 11. HP: 40/81 MP: 11/20
  9527 | D:11     | Reached skill level 6 in Short Blades
  9804 | D:11     | Found a runed translucent door.
  9824 | D:11     | Found a runed translucent door.
  9839 | D:11     | Found a runed translucent door.
  9857 | D:11     | Found a runed translucent door.
 10090 | D:11     | Reached skill level 5 in Shields
 10204 | D:11     | Reached skill level 7 in Short Blades
 10463 | D:11     | Noticed an orange crystal statue
 10490 | D:11     | Noticed a cyan ugly thing
 10493 | D:11     | Killed from afar by a gargoyle

Illustrated notes

Levels and vault maps discovered:
D:1:      mainiacjoe_arrival_oval_in_oval, layout_loops_cross, serial_shops,
          shop, minmay_misc_feat_cross
D:2:      layout_loops_ring, hellmonk_ecumenical_altar_slurped_away,
          nicolae_eternal_life, nicolae_concentric_dashed_squares_mild,
          minmay_tetromino_s4, uniq_jessica
D:3:      layout_basic, xom_butterflies, nicolae_wu_jian_immortal_techniques,
          uniq_grinder
D:4:      layout_cave_pools, evilmike_ruin_ashenzari, lightli_sewer_entry_pipes,
          minmay_fractal_squares_5, uniq_menkaure
D:5:      layout_loops_cross, mainiacjoe_overflow_brackets, serial_shops, shop,
          nicolae_shop_advertising_works [nicolae_subvault_shop_adworks],
          mrwooster_statue_mirror, uniq_pikel, uniq_sigmund
D:6:      layout_loops_ring, temple_hall
D:7:      layout_cave_pods, nicolae_gozag_seed_capital,
          yredelemnul_altar_generic, mainiacjoe_overflow_catch_the_wave,
          enter_ossuary_1, supply_closet_lemuel, nicolae_hexahallways,
          uniq_jeremiah
D:8:      layout_gridville, nicolae_ru_great_annihilating_truth,
          grunt_temple_overflow_open, serial_shops, shop, shop, shop,
          minmay_misc_feat_secret_circle, eino_tiny_chamber
D:9:      layout_basic, amcnicky_altar_gilded, uniq_prince_ribbit1
D:10:     layout_basic, mainiacjoe_overflow_alcove_2,
          due_lair_maze_entry_diamond
D:11:     layout_basic, minmay_statue_crystal_thing, uniq_erica
Temple:   corrupted_temple

Skill      XL: |  1  2  3  4  5  6  7  8  9 10 11 |
---------------+----------------------------------+-----
Maces & Flails | 2 |  2.0
Fighting       | 4 6 |  6.0
Armour         | 3 |  3.0
Dodging        | 1 2 3 |  3.0
Evocations     | 2 4 6 |  6.0
Stealth        | 1 2 6 |  6.0
Short Blades   | 1 2 3 5 7 |  7.0
Shapeshifting  | 1 2 3 |  3.0
Spellcasting   | 1 2 3 6 |  6.0
Throwing       | 2 6 |  6.0
Shields        | 3 4 5 |  5.2
Translocations | 3 |  3.0

Action                     |  1- 3 |  4- 6 |  7- 9 | 10-12 || total
---------------------------+-------+-------+-------+-------++-------
  Melee: Flail             |    14 |       |       |       ||    14
         Short sword       |    43 |    98 |   430 |       ||   571
         Headbutt          |       |       |    67 |    53 ||   120
         Long sword        |       |       |    36 |   225 ||   261
         Scimitar          |       |       |       |     7 ||     7
  Throw: Stone             |       |       |     6 |    42 ||    48
         Dart              |       |       |     2 |       ||     2
   Cast: Apportation       |       |       |       |     1 ||     1
  Evoke: Wand              |       |     2 |       |       ||     2
    Use: Scroll            |     2 |     5 |     6 |     3 ||    16
         Potion            |       |       |    10 |     5 ||    15
   Stab: Invisible         |       |       |     4 |       ||     4
         Sleeping          |       |       |     3 |     8 ||    11
         Distracted        |       |       |       |     1 ||     1
         Paralysed         |       |       |       |     1 ||     1
 Armour: Scale mail        |    34 |    27 |       |       ||    61
         Leather armour    |       |    23 |    50 |   104 ||   177
         Ring mail         |       |       |   125 |       ||   125
  Dodge: Dodged            |    23 |    52 |   325 |   267 ||   667
  Block: Buckler           |    13 |    15 |    86 |    55 ||   169

Table legend: (Time is in decaauts)
 A = Elapsed time spent in this place.
 B = Non-inter-level travel time spent in this place.
 C = Inter-level travel time spent in this place.
 D = Time resting spent in this place.
 E = Time spent auto-exploring this place.
 F = Levels seen in this place.
 G = Mean time per level.
                   A        B        C        D        E       F      G
               +--------+--------+--------+--------+--------+-----+--------+
         Total |  10665 |   9646 |   1019 |    998 |   6051 |  14 |  761.8 |
       Dungeon |   9818 |   8799 |   1019 |    829 |   5819 |  11 |  892.5 |
        Temple |      1 |      1 |      0 |      0 |      0 |   1 |    1.0 |
         Sewer |    590 |    590 |      0 |    169 |    212 |   1 |  590.0 |
       Ossuary |    254 |    254 |      0 |      0 |     20 |   1 |  254.0 |
               +--------+--------+--------+--------+--------+-----+--------+

Top non-repeatable levels by time:
     D:3: 1063 daAuts
    D:11: 1032 daAuts
     D:7: 1028 daAuts
     D:5: 933 daAuts
     D:8: 910 daAuts
     D:9: 890 daAuts
     D:6: 879 daAuts
     D:4: 861 daAuts
     D:2: 844 daAuts
    D:10: 705 daAuts
     D:1: 668 daAuts
   Sewer: 590 daAuts
 Ossuary: 254 daAuts
  Temple: 1 daAuts
